 Dungeon Crawl Stone Soup version 0.29.1-1-gd02db6906a (webtiles) character file.

Game seed: 17000234762215928058

4 MisterFreud the Twirler (level 1, -1/16 HPs)
             Began as a Formicid Gladiator on Oct 11, 2022.
             Slain by a hobgoblin (4 damage)
             ... on level 2 of the Dungeon.
             The game lasted 00:00:23 (236 turns).

MisterFreud the Twirler (Formicid Gladiator)         Turns: 236, Time: 00:00:23

Health: -1/16      AC:  3    Str: 18    XL:     1   Next: 77%
Magic:  1/1        EV: 12    Int:  7    God:
Gold:   21         SH:  0    Dex: 15    Spells: 0/0 levels left

rFire   . . .      SeeInvis +   a - +0 quarterstaff
rCold   . . .      Faith    .   (no shield)
rNeg    . . .      Spirit   .   b - +0 leather armour
rPois   +          Reflect  .   (helmet unavailable)
rElec   .          Harm     .   (no cloak)
rCorr   .          Rampage  .   (no gloves)
Will    .....                   (no boots)
Stlth   +.........              (no amulet)
HPRegen 0.05/turn               f - ring of poison resistance
MPRegen 0.07/turn               (no ring)

@: no status effects
A: permanent stasis, dig shafts and tunnels, antennae 3, four strong arms
a: Dig, Shaft Self


You were on level 2 of the Dungeon.
You visited 1 branch of the dungeon, and saw 2 of its levels.

You collected 21 gold pieces.

Inventory:

Hand Weapons
 a - a +0 quarterstaff (weapon)
Missiles
 c - 3 throwing nets (quivered)
 d - a javelin
Armour
 b - a +0 leather armour (worn)
Jewellery
 f - a ring of poison resistance (left hand)
Potions
 e - a potion of flight {unknown}


   Skills:
 - Level 2.1 Fighting
 + Level 3.3 Staves
 - Level 2.0 Throwing
 - Level 2.6 Dodging


You couldn't memorise any spells.
You didn't know any spells.
Your spell library was empty.

Dungeon Overview and Level Annotations

Branches:
Dungeon (1/15)

Altars:


Innate Abilities, Weirdness & Mutations

You cannot be hasted, slowed, berserked, paralysed or teleported.
You can dig through walls and to a lower floor.
You have a pair of large antennae on your head. (SInv)
Your four strong arms can wield two-handed weapons with a shield.


Message History

You fall into a shaft and drop 1 floor!
The shaft crumbles and collapses.
Found a robe.
No target in view!
You sense a monster nearby.
No target in view!
You sense a monster nearby.
No target in view!
A kobold comes into view. It is wielding a +0 dagger.
A hobgoblin comes into view. It is wielding a +0 sling.
Found 5 gold pieces, a scroll labelled EGGUSTRASUG and a book of Minor Magic.
The kobold shouts!
A kobold is nearby!
A hobgoblin comes into view.
The hobgoblin shouts!
The hobgoblin shouts!
The kobold closely misses you.
You closely miss the kobold. The kobold barely misses you.
You sock the kobold!
You kill the kobold!
The hobgoblin shoots a sling bullet.
The sling bullet hits you.
You barely miss the hobgoblin.
The hobgoblin shoots a sling bullet.
The sling bullet hits you but does no damage.
The hobgoblin hits you but does no damage.
The hobgoblin unwields a +0 sling.
The hobgoblin hits you.
Things that are here:
a +0 dagger; 2 stones You are too injured to fight recklessly!
You hit the hobgoblin but do no damage. The hobgoblin barely misses you. x2
You closely miss the hobgoblin. The hobgoblin hits you.
The hobgoblin hits you but does no damage.
You hit the hobgoblin but do no damage. The hobgoblin barely misses you.
The hobgoblin hits you but does no damage.
The hobgoblin hits you.
* * * LOW HITPOINT WARNING * * *
You completely miss the hobgoblin.
The hobgoblin hits you but does no damage. x2
The hobgoblin barely misses you.
You hit the hobgoblin but do no damage. The hobgoblin hits you.
You die...

...# #.......# #.####
#.#####.# ####....###.#
#.# # #[..........# #.#
#.##.##....#########.##
#.......#### #......
#.......# #.##.#.
#.##.#g#...... #.##.#.
#. #@#..g... #.##.#.
#......g#...... #.##.#.
#.......#$..?.. #.##.#.
#.......#:..... #......
#.##.##.#...... ####.##
# #. #.# # #.# ..#


You could see 2 hobgoblins.

Vanquished Creatures
  A hobgoblin (D:1)
  2 kobolds
  A ball python (D:1)
4 creatures vanquished.

Notes
Turn   | Place    | Note
-------+----------+-------------------------------------------
     0 | D:1      | MisterFreud the Formicid Gladiator began the quest for the
                  | Orb.
     0 | D:1      | Reached XP level 1. HP: 16/16 MP: 1/1
    72 | D:1      | Found a faded altar of an unknown god.
   194 | D:1      | You fall into a shaft and drop 1 floor!
   236 | D:2      | Slain by a hobgoblin

Illustrated notes

Levels and vault maps discovered:
D:1:      heliophobic_arrival_glass_houses, layout_rooms,
          shapermc_ecumenical_altar_acropolis
D:2:      layout_loops_cross, uniq_robin

Action                   || total
-------------------------++-------
Melee: Quarterstaff      ||    17
Armor: Leather armour    ||     8
Dodge: Dodged            ||    12
